 Dungeon Crawl Stone Soup version 0.31-a0-690-g7ce4588941 (webtiles) character file.

Game seed: 5357158487910373789

57 Essalna the Conjurer (level 3, 27/27 HPs)
             Began as a Demonspawn Conjurer on Sept 6, 2023.
             Got out of the dungeon alive.
             The game lasted 00:01:59 (1414 turns).

Essalna the Conjurer (Demonspawn Conjurer)          Turns: 1414, Time: 00:02:00

Health: 27/27      AC:  4    Str:  7    XL:     3   Next: 73%
Magic:  7/7        EV: 12    Int: 21    God:
Gold:   62         SH:  0    Dex: 11    Spells: 6/7 levels left

rFire   . . .        d - +0 dagger
rCold   . . .        (no shield)
rNeg    . . .        a - +0 robe
rPois   +            (no helmet)
rElec   .            l - scarf {+Inv}
rCorr   .            (no gloves)
SInv    .            (no boots)
Will    .....        (no amulet)
Stlth   ++           i - ring of poison resistance
HPRegen 0.24/turn    (no ring)
MPRegen 0.10/turn

%: no passive effects
@: no status effects
A: slimy green scales 1, demonic guardian 1
a: Evoke Invisibility


You escaped.
You visited 1 branch of the dungeon, and saw 2 of its levels.

You collected 62 gold pieces.

Inventory:

Hand Weapons
 d - a +0 dagger (weapon)
Armour
 a - a +0 robe (worn)
 l - a scarf of invisibility (worn)
Jewellery
 f - a ring of fire
 i - a ring of poison resistance (left hand)
Scrolls
 g - 2 scrolls of identify {unknown}
 h - a scroll of fog {unknown}
 j - a scroll of poison {unknown}
 n - a scroll of fear {unknown}
Potions
 b - a potion of magic
 c - a potion of berserk rage {unknown}
 k - 4 potions of might {unknown}
 m - a potion of attraction {unknown}


   Skills:
 + Level 1.8 Fighting
 - Level 1.7 Dodging
 - Level 1.7 Stealth
 + Level 2.7 Spellcasting
 + Level 4.5 Conjurations


You had 6 spell levels left.
You knew the following spells:

 Your Spells              Type           Power      Damage    Failure   Level
a - Magic Dart            Conj           84%        1d7       2%          1

Your spell library contained the following spells:

 Spells                   Type           Power      Damage    Failure   Level
 Searing Ray              Conj           42%        2d6       3%          2
 Dazzling Flash           Conj/Hex       24%        N/A       16%         3
 Fulminant Prism          Conj/Hex       6%         3d7       47%         4
 Iskenderun's Mystic Bla  Conj/Tloc      12%        2d5       47%         4


Dungeon Overview and Level Annotations

Branches:
Dungeon (2/15)

Altars:


Innate Abilities, Weirdness & Mutations

You are partially covered in slimy green scales. (AC +2)
A weak demonic guardian rushes to your aid.


Message History

Aiming: Magic Dart (safe; 2% risk of failure)
Press: ? - help, Shift-Dir - straight line, f - adder
Aim: an adder (moderately wounded, 100% to hit)
The magic dart hits the adder.
The adder is moderately wounded.
You feel sick. The adder bites you but does no damage.
Casting: Magic Dart (safe; 2% risk of failure)
Confirm with . or Enter, or press ? or * to list all spells.
Aiming: Magic Dart (safe; 2% risk of failure)
Press: ? - help, Shift-Dir - straight line, f/p - adder
Aim: an adder (moderately wounded, 100% to hit)
The magic dart hits the adder.
The adder is almost dead.
You feel sick. The adder bites you but does no damage. The adder bites you.
Casting: Magic Dart (safe; 2% risk of failure)
Confirm with . or Enter, or press ? or * to list all spells.
Aiming: Magic Dart (safe; 2% risk of failure)
Press: ? - help, Shift-Dir - straight line, f/p - adder
Aim: an adder (almost dead, 100% to hit)
The magic dart hits the adder.
You kill the adder!
You feel sick.
Casting: Magic Dart (safe; 2% risk of failure)
Confirm with . or Enter, or press ? or * to list all spells.
You don't have enough magic to cast this spell.
Unknown command.
As you read the scroll labelled FEUBRO IRE, it crumbles to dust.
A profound silence engulfs you.
It was a scroll of silence.
You feel sick.
Magic scrolls do not work when you're silenced!
You feel sick.
You feel sick.
You are no longer poisoned.
There is a stone staircase leading up here.
You climb upwards.
There is a stone staircase leading down here.
Your hearing returns.
HP restored.
Magic restored.
There is a staircase leading out of the dungeon here.
You have escaped!

..####....# #.# #.# #.####..
..........# #.######.###.# ###
......รท...# #.#........#.# ##
..........#####.#.####.#.#.# #.
................#..........# #.
..........############.#########.
######....# #.....#.#.#......##.
#....# #.###.#.#.#.####.###
#....####.#@..#.#.#.#..#.###
#......##.#####.#.#.#.##.##.
#......##.......#.#.#....##.
#.......#######.#.#.#######.
###.........................
#....##.##############.##.
#..).##...#..........#.##.
#....##.#.#.########.#.##.
#######.#.#........#.#.##.


There were no monsters in sight!

Vanquished Creatures
  3 adders (D:2)
  5 ball pythons
  5 endoplasms (D:1)
  2 giant cockroaches (D:1)
  3 hobgoblins
  A quokka (D:2)
  3 bats
  4 kobolds
  3 rats (D:1)
29 creatures vanquished.

Notes
Turn   | Place    | Note
-------+----------+-------------------------------------------
     0 | D:1      | Essalna the Demonspawn Conjurer began the quest for the
                  | Orb.
     0 | D:1      | Reached XP level 1. HP: 13/13 MP: 3/3
   246 | D:1      | Gained mutation: A weak demonic guardian rushes to your
                  | aid. [demonic ancestry]
   246 | D:1      | Reached XP level 2. HP: 18/20 MP: 0/5
   431 | D:1      | Reached skill level 1 in Fighting
  1304 | D:2      | Gained mutation: You are partially covered in slimy green
                  | scales. (AC +2) [demonic ancestry]
  1304 | D:2      | Reached XP level 3. HP: 26/26 MP: 0/6
  1414 | D:$      | Got out of the dungeon alive.

Illustrated notes

Levels and vault maps discovered:
D:1:      matt_arrival_spirals, layout_basic
D:2:      layout_basic, minmay_indecisive_spiral

Skill      XL: |  1  2 |
---------------+-------+-----
Fighting       | 1 |  1.8
Dodging        | |  1.7
Stealth        | |  1.7
Spellcasting   | |  2.7
Conjurations   | |  4.5

Action                     || total
---------------------------++-------
  Melee: Dagger            ||    27
   Cast: Magic Dart        ||    53
    Use: Scroll            ||     1
 Armour: Robe              ||    20
  Dodge: Dodged            ||    21

Table legend: (Time is in decaauts)
 A = Elapsed time spent in this place.
 B = Non-inter-level travel time spent in this place.
 C = Inter-level travel time spent in this place.
 D = Time resting spent in this place.
 E = Time spent auto-exploring this place.
 F = Levels seen in this place.
 G = Mean time per level.
                   A        B        C        D        E       F      G
               +--------+--------+--------+--------+--------+-----+--------+
         Total |   1413 |   1322 |     91 |      0 |   1176 |   2 |  706.5 |
       Dungeon |   1413 |   1322 |     91 |      0 |   1176 |   2 |  706.5 |
               +--------+--------+--------+--------+--------+-----+--------+

Top non-repeatable levels by time:
     D:1: 1184 daAuts
     D:2: 228 daAuts
